 Dungeon Crawl Stone Soup version 0.29-a0-581-ge9a90b782e (webtiles) character file.

Game seed: 217502433102194229

138 Lekart the Skirmisher (level 5, -8/46 HPs)
             Began as a Draconian Monk on June 14, 2022.
             Killed by divine providence
             ... invoked by an orc priest
              (13 damage)
             ... on level 3 of the Dungeon.
             The game lasted 00:02:44 (2494 turns).

Lekart the Skirmisher (Draconian Monk)              Turns: 2494, Time: 00:02:44

Health: -8/46      AC:  7    Str: 16    XL:     5   Next: 1%
Magic:  5/5        EV: 13    Int: 10    God:
Gold:   123        SH:  0    Dex: 13    Spells: 4/4 levels left

rFire   . . .      SeeInvis .   c - +0 war axe
rCold   . . .      Faith    .   (no shield)
rNeg    . . .      Spirit   .   (body armour unavailable)
rPois   .          Reflect  .   (helmet restricted)
rElec   .          Harm     .   (no cloak)
rCorr   .          Rampage  .   (no gloves)
Will    .....                   d - +1 pair of boots
Stlth   ++........              (no amulet)
HPRegen 0.15/turn               (no ring)
MPRegen 0.09/turn               (no ring)

@: no status effects
A: AC +5, unfitting armour, cold-blooded
a: no special abilities


You were on level 3 of the Dungeon.
You visited 1 branch of the dungeon, and saw 3 of its levels.

You collected 123 gold pieces.

Inventory:

Hand Weapons
 c - a +0 war axe (weapon)
Armour
 d - a +1 pair of boots (worn)
Jewellery
 e - a ring of flight
 g - a ring of protection from cold
Scrolls
 a - 3 scrolls of identify


   Skills:
 + Level 4.2 Fighting
 + Level 3.3 Long Blades
 + Level 3.0 Axes
 + Level 3.3 Dodging
 - Level 1.7 Stealth


You had 4 spell levels left.
You didn't know any spells.
Your spell library contained the following spells:

 Spells                   Type           Power      Damage    Failure   Level
 Sublimation of Blood     Necr           0%         N/A       50%         2
 Wereblood                Tmut           0%         N/A       50%         2
 Call Canine Familiar     Summ           0%         N/A       75%         3
 Portal Projectile        Hex/Tloc       0%         N/A       75%         3
 Leda's Liquefaction      Hex/Erth       0%         N/A       98%         4
 Summon Hydra             Summ           0%         N/A       100%        7


Dungeon Overview and Level Annotations

Branches:
Dungeon (3/15)

Altars:
Vehumet
Zin


Innate Abilities, Weirdness & Mutations

Your plain brown scales are hard. (AC +5)
You cannot fit into any form of body armour.
You are cold-blooded and may be slowed by cold attacks.


Message History

The kobold hits you with a +0 short sword.
* * * LOW HITPOINT WARNING * * *
You hit the kobold.
You kill the kobold!
You feel sick.
The orc priest invokes the aid of Beogh against you.
You barely resist.
You are confused.
You feel invigorated.
You feel sick.
You are no longer poisoned.
The orc priest misses you.
You hit the orc priest but do no damage.
Your tail-slap misses the orc priest.
The orc priest barely misses you.
You bump into the rock wall.
You feel less invigorated.
You feel less confused.
The orc priest hits you with a +0 dagger.
You hit the orc priest but do no damage.
Your tail-slap misses the orc priest.
The orc priest invokes the aid of Beogh against you.
Pain shoots through your body!
* * * LOW HITPOINT WARNING * * *
You hit the orc priest but do no damage.
You tail-slap the orc priest.
The orc priest is lightly wounded.
The orc priest hits you but does no damage.
The orc priest hits you with a +0 dagger.
* * * LOW HITPOINT WARNING * * *
You barely miss the orc priest.
The orc priest is lightly wounded.
The orc priest closely misses you.
You closely miss the orc priest.
The orc priest is lightly wounded.
The orc priest calls down the wrath of Beogh upon you.
Beogh smites you!
* * * LOW HITPOINT WARNING * * *
You hit the orc priest.
The orc priest is lightly wounded.
The orc priest calls down the wrath of Beogh upon you.
Beogh smites you!
You die...

#.>.†.......)..#
#........#.#####
.#
########......#
####.#
#.#.#..###.....#
#.#.#....#.....#
#.#.#..#........
#......#.≈≈≈≈≈≈≈
######...≈......
#@#.§.§≈≈≈≈
#####o#.≈.§...≈
##....)#.≈.≈._.≈
#.........≈.....≈
#####
#.......#.≈.≈≈≈≈≈
....#
#.:.....#o.......
#####
#.........≈≈≈≈≈≈≈
#................
#........#####.##


You could see an orc priest.

Vanquished Creatures
  An orc priest (D:3)
  2 adders (D:2)
  A worm (D:2)
  3 dart slugs
  7 orcs (D:3)
  4 ball pythons
  6 bats
  4 endoplasms
  3 giant cockroaches (D:2)
  6 goblins
  6 hobgoblins
  7 jackals
  10 kobolds
  3 quokkas
  5 frilled lizards
  4 rats
72 creatures vanquished.

Notes
Turn   | Place    | Note
-------+----------+-------------------------------------------
     0 | D:1      | Lekart the Draconian Monk began the quest for the Orb.
     0 | D:1      | Reached XP level 1. HP: 19/19 MP: 1/1
    83 | D:1      | Reached XP level 2. HP: 26/26 MP: 2/2
   550 | D:1      | Reached skill level 1 in Axes
   550 | D:1      | Reached XP level 3. HP: 33/33 MP: 3/3
  1313 | D:2      | Reached XP level 4. HP: 40/40 MP: 4/4
  1575 | D:2      | Reached skill level 4 in Fighting
  1643 | D:2      | Found a radiant altar of Vehumet.
  2457 | D:3      | Found a glowing silver altar of Zin.
  2484 | D:3      | Reached XP level 5. HP: 14/46 MP: 5/5
  2494 | D:3      | Killed from afar by an orc priest

Illustrated notes

Levels and vault maps discovered:
D:1:      roderic_crossed_star, layout_basic, corner_web_ring
D:2:      layout_basic, basic_altar
D:3:      layout_basic, mainiacjoe_overflow_concentric_impassable, uniq_jessica,
          uniq_terence

Skill      XL: |  1  2  3  4 |
---------------+-------------+-----
Dodging        | 3 |  3.3
Axes           | 1 2 3 |  3.0
Fighting       | 4 |  4.2
Long Blades    | |  3.3
Stealth        | |  1.7

Action                   |  1- 3 |  4- 6 || total
-------------------------+-------+-------++-------
Melee: Falchion          |    13 |       ||    13
       War axe           |   121 |    62 ||   183
       Tailslap          |    14 |     6 ||    20
  Use: Scroll            |     4 |       ||     4
       Potion            |       |     2 ||     2
 Stab: Sleeping          |     2 |     3 ||     5
Armor: Skin              |    70 |    25 ||    95
Dodge: Dodged            |   146 |    41 ||   187

Table legend: (Time is in decaauts)
 A = Elapsed time spent in this place.
 B = Non-inter-level travel time spent in this place.
 C = Inter-level travel time spent in this place.
 D = Time resting spent in this place.
 E = Time spent auto-exploring this place.
 F = Levels seen in this place.
 G = Mean time per level.
                   A        B        C        D        E       F      G
               +--------+--------+--------+--------+--------+-----+--------+
         Total |   2574 |   2540 |     34 |      0 |   2016 |   3 |  858.0 |
       Dungeon |   2574 |   2540 |     34 |      0 |   2016 |   3 |  858.0 |
               +--------+--------+--------+--------+--------+-----+--------+

Top non-repeatable levels by time:
     D:2: 1354 daAuts
     D:1: 807 daAuts
     D:3: 411 daAuts
